 Dungeon Crawl Stone Soup version 0.21.1-1-g345015f (webtiles) character file.

6889 poirepourri the Peltast (level 10, -5/90 (91) HPs)
             Began as a Minotaur Fighter on July 11, 2018.
             Was a Believer of Makhleb.
             Slain by a yak (9 damage)
             ... on level 10 of the Dungeon.
             The game lasted 00:10:43 (11159 turns).

poirepourri the Peltast (Minotaur Fighter)         Turns: 11159, Time: 00:10:44

HP:   -5/90 (91)    AC:  6    Str: 22    XL:     10   Next: 79%
MP:   18/18         EV:  9    Int:  5    God:    Makhleb [**....]
Gold: 527           SH: 16    Dex: 18    Spells: 9/9 levels left

rFire    . . .     SeeInvis +   a - +2 war axe
rCold    . . .     Gourm    .   c - +2 shield
rNeg     . . .     Faith    .   r - +0 scale mail
rPois    .         Spirit   .   (helmet restricted)
rElec    .         Reflect  .   (no cloak)
rCorr    +         Harm     .   (no gloves)
MR       .....                  (no boots)
Stlth    ..........             (no amulet)
HPRegen  0.25/turn              m - ring "Ynliximp" {MP+9 Dex+6 SInv}
MPRegen  0.16/turn              v - ring of resist corrosion

@: no status effects
A: retaliatory headbutt, horns 2
a: Minor Destruction, Renounce Religion


You were on level 10 of the Dungeon.
You worshipped Makhleb.
Makhleb was pleased with you.
You were hungry.

You visited 2 branches of the dungeon, and saw 11 of its levels.

You collected 562 gold pieces.
You spent 35 gold pieces at shops.

Inventory:

Hand Weapons
 a - a +2 war axe (weapon)
 b - a +2 flail of holy wrath
 l - a +0 hand crossbow
Missiles
 i - 78 bolts
 z - 8 tomahawks (quivered)
Armour
 c - a +2 shield (worn)
 r - a +0 scale mail (worn)
Jewellery
 f - an uncursed ring of stealth
 m - the ring "Ynliximp" (left hand) {MP+9 Dex+6 SInv}
   (You found it on level 9 of the Dungeon)

   [ring of magical power]

   It affects your dexterity (+6).
   It affects your magic capacity (+9).
   It lets you see invisible.
 v - a ring of resist corrosion (right hand)
 B - an uncursed ring of wizardry
Wands
 u - a wand of flame (12)
 y - a wand of paralysis (10)
Scrolls
 e - 2 scrolls of fear
 j - 3 scrolls of magic mapping
 n - 7 scrolls of teleportation
 t - 3 scrolls of remove curse
Potions
 d - 4 potions of curing
 g - 3 potions of mutation
 o - a potion of resistance {unknown}
 p - a potion of cancellation {unknown}
 q - 2 potions of lignification {unknown}
 s - 2 potions of flight
 w - a potion of haste
 A - a potion of might
Books
 k - a book of Frost

   Spells                             Type                      Level
   a - Freeze                         Ice                          1
   b - Throw Frost                    Conjuration/Ice              2
   c - Ozocubu's Armour               Charms/Ice                   3
   d - Throw Icicle                   Conjuration/Ice              4
   e - Summon Ice Beast               Ice/Summoning                4
 x - a Young Poisoner's Handbook

   Spells                             Type                      Level
   a - Sting                          Conjuration/Poison           1
   b - Poisonous Vapours              Poison/Air                   2
   c - Mephitic Cloud                 Conjuration/Poison/Air       3
   d - Olgreb's Toxic Radiance        Poison                       4
   e - Venom Bolt                     Conjuration/Poison           5
Comestibles
 h - 8 rations


   Skills:
 - Level 9.1 Fighting
 - Level 9.4 Axes
 - Level 3.6 Armour
 + Level 15.1 Shields


You had 9 spell levels left.
You didn't know any spells.

Dungeon Overview and Level Annotations

Branches:
Dungeon (10/15)            Temple (1/1) D:6            Lair (0/6) D:8
    Orc: D:9-12

Altars:
Ashenzari
Cheibriados
Dithmenos
Elyvilon
Fedhas
Gozag
Hepliaklqana
Kikubaaqudgha
Makhleb
Nemelex Xobeh
Okawaru
Qazlal
Ru
Sif Muna
Trog
Uskayaw
Vehumet
Wu Jian
Xom
Yredelemnul
Zin
The Shining One

Shops:
D:8 (


Innate Abilities, Weirdness & Mutations

You reflexively headbutt those who attack you in melee.
You have a pair of horns on your head.


Message History

The yak is severely wounded.
You hit the yak. You hit the yak but do no damage. You slash the yak!
The yak gores you! x2; The yak barely misses you.
The yak gores you but does no damage.
Unknown command.
You completely miss the yak. You headbutt the yak.
The yak is almost dead.
You hit the yak but do no damage. You hit the yak. x3
You block the yak's attack. The yak closely misses you.
You block the yak's attack. The yak gores you!
* * * LOW HITPOINT WARNING * * *
You block the yak's attack.
You hit the yak.
You kill the yak!
Makhleb accepts your kill.
You barely miss the yak. You hit the yak. x3; The yak gores you!
* * * LOW HITPOINT WARNING * * *
The yak barely misses you. You furiously retaliate!
You headbutt the yak! The yak gores you!
You die...

...#.##.......
..#.#.......# .
............ ...
............... ...
............... ...
#..##......... ...
#..#YYY...... #
#.#####...Y@Y......
..####.......###..[.....
#.#............#........
#....####...............
...#..#.................
....#...###.............
........#≈#.............
........###.............
..†..##........#........


You could see 5 yaks.

Vanquished Creatures
  A two-headed ogre (D:8)
  The ghost of Ethylacetat the Spear-Bearer, a novice NaGl of Cheibriados (D:9)
  The ghost of Wendigo the Martial Artist, a novice DsFi of Kikubaaqudgha (D:7)
  Maurice (D:8)
  Prince Ribbit (D:6)
  Grinder (D:6)
  A vampire (D:9)
  A yak (D:10)
  A hungry ghost (D:8)
  2 water moccasins
  2 sky beasts (D:5)
  2 ice beasts
  6 ogres
  3 orc warriors
  A black bear (D:8)
  2 phantoms (D:7)
  A necrophage (D:9)
  4 centaurs
  7 bullfrogs
  A gnoll sergeant (D:8)
  A wyvern zombie (D:10)
  4 killer bees (D:10)
  3 wights (D:6)
  2 howler monkeys
  A bullfrog zombie (D:6)
  A crimson imp (D:6)
  3 hounds
  A jelly (D:8)
  2 orc priests
  A centaur skeleton (D:9)
  A bullfrog skeleton (D:7)
  Jessica (D:3)
  2 iguanas
  5 worker ants
  5 orc wizards
  A killer bee zombie (D:6)
  2 worker ant zombies (D:9)
  A howler monkey skeleton (D:4)
  10 adders
  10 gnolls
  An ooze (D:6)
  2 adder skeletons
  An adder zombie (D:5)
  2 worms
  2 dart slugs
  10 leopard geckos
  24 orcs
  2 ball pythons
  6 giant cockroaches
  9 goblins
  7 hobgoblins (D:2)
  23 jackals
  7 kobolds
  4 quokkas
  10 bats
  8 frilled lizards
  7 rats
222 creatures vanquished.

Vanquished Creatures (others)
  A withered plant (D:6)
1 creature vanquished.

Grand Total: 223 creatures vanquished

Notes
Turn   | Place    | Note
-------+----------+-------------------------------------------
     0 | D:1      | poirepourri the Minotaur Fighter began the quest for the Orb.
     0 | D:1      | Reached XP level 1. HP: 19/19 MP: 0/0
   349 | D:1      | Reached XP level 2. HP: 16/26 MP: 1/1
   576 | D:1      | Reached XP level 3. HP: 31/31 MP: 2/2
  1239 | D:2      | Reached skill level 5 in Axes
  1386 | D:2      | Reached XP level 4. HP: 39/39 MP: 3/3
  2325 | D:3      | Found a deep blue altar of Sif Muna.
  2360 | D:3      | Reached XP level 5. HP: 45/45 MP: 4/4
  2698 | D:3      | Noticed Jessica
  2703 | D:3      | Killed Jessica
  3162 | D:4      | Noticed an ice beast
  3173 | D:4      | Killed an ice beast
  3173 | D:4      | Reached XP level 6. HP: 51/51 MP: 5/5
  3536 | D:4      | Found a shattered altar of Ashenzari.
  3687 | D:4      | Found a bloodstained altar of Trog.
  3810 | D:5      | Entered Level 5 of the Dungeon
  3838 | D:5      | Reached XP level 7. HP: 53/57 MP: 6/6
  4214 | D:5      | Reached skill level 5 in Fighting
  5080 | D:6      | Noticed Grinder
  5081 | D:6      | Reached XP level 8. HP: 48/73 MP: 7/7
  5081 | D:6      | Paralysed by Grinder for 3 turns
  5090 | D:6      | HP: 2/73 [Grinder/nerve-wracking pain (4)]
  5713 | D:6      | Killed Grinder
  5789 | D:6      | Noticed Prince Ribbit
  5797 | D:6      | Reached skill level 4 in Shields
  5853 | D:6      | Found a staircase to the Ecumenical Temple.
  5941 | Temple   | Entered the Ecumenical Temple
  5985 | Temple   | Became a worshipper of Makhleb the Destroyer
  6257 | D:6      | Killed Prince Ribbit
  6257 | D:6      | Reached skill level 6 in Shields
  6592 | D:6      | Reached skill level 7 in Shields
  6727 | D:6      | Found a sparkling altar of Nemelex Xobeh.
  6786 | D:6      | Reached XP level 9. HP: 83/83 MP: 8/8
  6795 | D:6      | Reached skill level 8 in Shields
  6887 | D:6      | Found a glowing silver altar of Zin.
  6966 | D:6      | Found an ancient bone altar of Kikubaaqudgha.
  7436 | D:7      | Reached skill level 9 in Shields
  7754 | D:7      | Noticed Wendigo's ghost (novice DsFi)
  7782 | D:7      | Killed Wendigo's ghost
  7782 | D:7      | Reached skill level 10 in Shields
  8417 | D:7      | Reached skill level 11 in Shields
  8499 | D:7      | Reached * piety under Makhleb
  8781 | D:8      | Found a staircase to the Lair.
  8921 | D:8      | Reached skill level 12 in Shields
  8954 | D:8      | Found Kisaacarch's Weapon Boutique.
  8961 | D:8      | Bought a +0 hand crossbow for 35 gold pieces
  9012 | D:8      | Noticed a two-headed ogre
  9021 | D:8      | Killed a two-headed ogre
  9021 | D:8      | Reached XP level 10. HP: 85/91 MP: 9/9
  9181 | D:8      | Noticed Maurice
  9201 | D:8      | Killed Maurice
  9201 | D:8      | Reached skill level 13 in Shields
  9777 | D:9      | Noticed Ethylacetat's ghost (novice NaGl)
  9787 | D:9      | Killed Ethylacetat's ghost
  9787 | D:9      | Reached ** piety under Makhleb
  9787 | D:9      | Reached skill level 14 in Shields
  9894 | D:9      | Got a brightly glowing bronze ring
  9920 | D:9      | Identified the ring "Ynliximp" {MP+9 Dex+6 SInv} (You found it on level 9 of the Dungeon)
 10741 | D:9      | Found a sacrificial altar of Ru.
 10779 | D:10     | Entered Level 10 of the Dungeon
 11143 | D:10     | Reached skill level 15 in Shields
 11159 | D:10     | HP: 4/90 [yak (11)]
 11159 | D:10     | Slain by a yak

Skill      XL: |  1  2  3  4  5  6  7  8  9 10 |
---------------+-------------------------------+-----
Axes           | 3 4 5 6 8 9 |  9.4
Fighting       | 7 9 |  9.1
Shields        | 7 12 15 | 15.1
Armour         | |  3.6

Action                   |  1- 3 |  4- 6 |  7- 9 | 10-12 || total
-------------------------+-------+-------+-------+-------++-------
Melee: War axe           |    81 |   178 |   235 |   143 ||   637
       Headbutt          |     7 |    23 |    44 |    39 ||   113
Evoke: Wand              |       |       |     4 |     1 ||     5
  Use: Scroll            |     5 |     5 |     8 |     4 ||    22
       Potion            |       |     1 |     8 |     3 ||    12
 Stab: Paralysed         |       |       |     4 |     2 ||     6
  Eat: Ration            |     1 |     2 |     4 |     2 ||     9
       Chunk             |       |     1 |     1 |       ||     2
Armor: Scale mail        |    57 |    58 |    48 |    30 ||   193
       Plate armour      |       |    15 |       |       ||    15
Dodge: Dodged            |    47 |    53 |    58 |    44 ||   202
Block: Shield            |    75 |   109 |   123 |   116 ||   423
